 Dungeon Sprint DCSS version 0.27-a0-1181-g5f64966fcc (webtiles) character file.

Game seed: 13822526461902274252

109557 mhtbhm the Archmage (level 16, -19/96 HPs)
             Began as a Deep Elf Earth Elementalist on May 18, 2021.
             Was the Champion of Vehumet.
             Killed from afar by Unopup the pandemonium lord (115 damage)
             ... with a great icy blast
             ... in the Dungeon (Sprint VII: "The Pits").
             The game lasted 00:36:25 (5544 turns).

mhtbhm the Archmage (Deep Elf Earth Elementalist)   Turns: 5544, Time: 00:36:26

Health: -19/96     AC:  8    Str: 15    XL:     16   Next: 5%
Magic:  41/49      EV: 16    Int: 39    God:    Vehumet [******]
Gold:   19         SH:  0    Dex: 19    Spells: 7/69 levels left

rFire    + . .     SeeInvis .   (no weapon)
rCold    . . .     Faith    .   (no shield)
rNeg     + . .     Spirit   .   c - +0 robe
rPois    .         Reflect  .   (no helmet)
rElec    +         Harm     .   o - +0 cloak
rCorr    +         Rampage  .   r - +2 pair of gloves
Will     ++...     NoTele   +   s - +1 pair of boots
Stlth    ++++......             A - amulet "Neibb" {rN+ Will+ Regen+}
HPRegen  1.26/turn              t - ring "Kujatwoate" {rElec rCorr Str+4 Int+6 Dex+4}
MPRegen  0.31/turn              C - ring of Mistrust {rF+ Str+6 Int+5}

@: studying 2 skills
A: no striking features
a: Renounce Religion


You were in the Dungeon.
You worshipped Vehumet.
Vehumet was exalted by your worship.
You visited 1 branch You collected 19 gold pieces.

Inventory:

Hand Weapons
 l - the +0 bardiche of Stained Action {venom, rElec rF+ rCorr Dex+3}
   (You found it in the Dungeon)

   It poisons the flesh of those it strikes.
   It affects your dexterity (+3).
   It protects you from fire.
   It insulates you from electricity.
   It protects you from acid and corrosion.
Missiles
 b - 18 stones
 n - 2 throwing nets
Armour
 c - a +0 robe (worn)
 o - a +0 cloak (worn)
 r - a +2 pair of gloves (worn)
 s - a +1 pair of boots (worn)
Magical Staves
 H - a staff of earth
Jewellery
 t - the ring "Kujatwoate" (left hand) {rElec rCorr Str+4 Int+6 Dex+4}
   (You found it in the Dungeon)

   [ring of intelligence]

   It affects your strength (+4).
   It affects your intelligence (+6).
   It affects your dexterity (+4).
   It insulates you from electricity.
   It protects you from acid and corrosion.
 w - the ring "Warphal" {rPois rN++ Slay+2}
   (You found it in the Dungeon)

   [ring of poison resistance]

   It affects your accuracy and damage with ranged weapons and melee attacks
   (+2).
   It protects you from poison.
   It greatly protects you from negative energy.
 x - the ring "Nuci" {rPois Int+6 Dex+2 Stlth+}
   (You found it in the Dungeon)

   [ring of intelligence]

   It affects your intelligence (+6).
   It affects your dexterity (+2).
   It protects you from poison.
   It makes you more stealthy.
 A - the amulet "Neibb" (around neck) {rN+ Will+ Regen+}
   (You found it in the Dungeon)

   [amulet of regeneration]

   It protects you from negative energy.
   It increases your rate of health regeneration.
   It increases your willpower.
 B - the ring "Ateebono" {rElec rF+ rN+ Str+3 Dex-2}
   (You found it in the Dungeon)

   [ring of protection from fire]

   It affects your strength (+3).
   It affects your dexterity (-2).
   It protects you from fire.
   It insulates you from electricity.
   It protects you from negative energy.
 C - the ring of Mistrust (right hand) {rF+ Str+6 Int+5}
   (You found it in the Dungeon)

   [ring of strength]

   It affects your strength (+6).
   It affects your intelligence (+5).
   It protects you from fire.
 J - the ring "Heammine" {rC+ Int+6 SInv}
   (You found it in the Dungeon)

   [ring of intelligence]

   It affects your intelligence (+6).
   It protects you from cold.
   It lets you see invisible.
Wands
 E - a wand of acid (5)
 F - a wand of flame (11)
Scrolls
 j - 4 scrolls of amnesia
Potions
 a - a potion of invisibility
 d - 3 potions of curing
 e - 9 potions of heal wounds
 f - 6 potions of haste
 g - 8 potions of magic
 h - 3 potions of berserk rage
 G - 2 potions of mutation
Miscellaneous
 i - a condenser vane
 k - a box of beasts
 p - a phantom mirror


   Skills:
 + Level 9.4 Fighting
 + Level 4.5 Staves
 - Level 7.1 Dodging
 - Level 6.8 Stealth
 O Level 27 Spellcasting
 + Level 24.6 Conjurations
 + Level 3.1 Hexes
 - Level 2.7 Transmutations
 * Level 19.6 Fire Magic
 - Level 3.8 Ice Magic
 + Level 2.7 Air Magic
 O Level 27 Earth Magic
 + Level 3.6 Evocations


You had 7 spell levels left.
You knew the following spells:

 Your Spells              Type           Power      Damage    Failure   Level
a - Sandblast             Erth           100%       2d20      0%          1
b - Passwall              Tmut/Erth      88%        N/A       0%          2
c - Stone Arrow           Conj/Erth      100%       3d13      0%          3
d - Lee's Rapid Deconstr  Erth           66%        3d31*     0%          5
e - Petrify               Tmut/Erth      100%       N/A       0%          4
f - Lehudib's Crystal Sp  Conj/Erth      65%        10d15     1%          8
g - Orb of Destruction    Conj           63%        9d17      0%          7
h - Leda's Liquefaction   Hex/Erth       53%        N/A       0%          4
i - Bolt of Magma         Conj/Fire/Erth 63%        4d25      0%          5
j - Iron Shot             Conj/Erth      65%        9d12      0%          6
k - Ignition              Fire           58%        3d16      1%          8
l - Shatter               Erth           66%        3d49*     1%          9

Your spell library contained the following spells:

 Spells                   Type           Power      Damage    Failure   Level
 Fire Storm               Conj/Fire      61%        8d16      1%          9
 Absolute Zero            Ice            35%        ∞         100%        9
 Foxfire                  Conj/Fire      100%       2x1d9     0%          1
 Magic Dart               Conj           100%       1d8       0%          1
 Static Discharge         Conj/Air       100%       N/A       0%          2
 Conjure Flame            Conj/Fire      100%       6-21      0%          3
 Mephitic Cloud           Conj/Pois/Air  89%        N/A       0%          3
 Animate Armour           Summ/Erth      100%       N/A       0%          4
 Fulminant Prism          Conj/Hex       51%        3d23      0%          4
 Sticky Flame             Conj/Fire      100%       2d11      0%          4
 Starburst                Conj/Fire      61%        8x6d16    0%          6
 Apportation              Tloc           100%       N/A       1%          1
 Corona                   Hex            74%        N/A       1%          1
 Sting                    Tmut/Pois      100%       1d8       1%          1
 Summon Small Mammal      Summ           100%       N/A       1%          1
 Blink                    Tloc           N/A        N/A       1%          2
 Call Imp                 Summ           51%        N/A       1%          2
 Ensorcelled Hibernation  Hex/Ice        100%       N/A       1%          2
 Poisonous Vapours        Pois/Air       100%       N/A       1%          2
 Slow                     Hex            67%        N/A       1%          2
 Wereblood                Tmut           65%        N/A       1%          2
 Call Canine Familiar     Summ           51%        N/A       1%          3
 Frozen Ramparts          Ice            100%       1d12      1%          3
 Ignite Poison            Fire/Tmut/Pois 84%        N/A       1%          3
 Lesser Beckoning         Tloc           25%        N/A       1%          3
 Spider Form              Tmut/Pois      29%        N/A       1%          3
 Summon Guardian Golem    Hex/Summ       60%        N/A       1%          3
 Swiftness                Air            65%        N/A       1%          3
 Tukima's Dance           Hex            67%        N/A       1%          3
 Airstrike                Air            32%        N/A       1%          4
 Cause Fear               Hex            33%        N/A       1%          4
 Olgreb's Toxic Radiance  Pois           51%        N/A       1%          4
 Summon Ice Beast         Ice/Summ       61%        N/A       1%          4
 Summon Lightning Spire   Summ/Air       59%        N/A       1%          4
 Lightning Bolt           Conj/Air       51%        1d72      1%          5
 Yara's Violent Unravell  Hex/Tmut       33%        3d14      1%          5
 Conjure Ball Lightning   Conj/Air       51%        3x3d18    1%          6
 Freezing Cloud           Conj/Ice/Air   46%        6-21      1%          6
 Statue Form              Tmut/Erth      70%        N/A       1%          6
 Silence                  Hex/Air        33%        N/A       2%          5
 Alistair's Intoxication  Tmut/Pois      39%        N/A       5%          5
 Invisibility             Hex            67%        N/A       14%         6
 Malign Gateway           Summ/Tloc      25%        N/A       95%         7
 Discord                  Hex            33%        N/A       99%         8
 Tornado                  Air            32%        N/A       100%        9


Dungeon Overview and Level Annotations

Branches:
Dungeon (1/1)

Altars:
Ashenzari
Cheibriados
Dithmenos
Elyvilon
Fedhas
Gozag
Hepliaklqana
Kikubaaqudgha
Makhleb
Nemelex Xobeh
Okawaru
Qazlal
Ru
Sif Muna
Trog
Uskayaw
Vehumet
Wu Jian
Xom
Yredelemnul
Zin
The Shining One
Beogh
Jiyva
Lugonu

Annotations:
D Lom Lobon


Message History

Casting: Lehudib's Crystal Spear (safe; 1% risk of failure)
Confirm with . or Enter, or press ? or * to list all spells.
Aiming: Lehudib's Crystal Spear (safe; 1% risk of failure)
Press: ? - help, Shift-Dir - straight line, f/p - reaper
Aim: a reaper, wielding a +2 scythe of freezing (severely wounded, 84% to hit)
The crystal spear hits the reaper!!!!
You kill the reaper!
Vehumet accepts your kill.
You feel your power returning.
Unknown command.
You start resting.
HP restored.
You start resting.
You start resting.
Magic restored.
There is an open door, spattered with blood here.
Things that are here:
a +0 great sword of flaming; 2 large rocks; a fire giant corpse You see here a +2 scythe of freezing.
There is an open door, spattered with blood here.
Things that are here:
a +0 great sword of flaming; 2 large rocks; a fire giant corpse You see here a +2 scythe of freezing.
You open the door.
Unopup comes into view.
Unknown command.
Press: ? - help, v - describe, . - travel The floor.
Casting: Lehudib's Crystal Spear (safe; 1% risk of failure)
Confirm with . or Enter, or press ? or * to list all spells.
Aiming: Lehudib's Crystal Spear (safe; 1% risk of failure)
Press: ? - help, Shift-Dir - straight line, f - Unopup
Aim: Unopup (asleep, 100% to hit)
The crystal spear hits Unopup!!!
Unopup is moderately wounded.
Unopup screams, "Submit, thou rank shard-borne vassal!"
Unopup gestures at you.
Unopup conjures a mighty blast of ice!
The great icy blast engulfs you!!!!
Ouch! That really hurt!
You die...

###### ###.'#.##
#.###...# ##'.'#.##
#...#+# ### ###
+##.##.###
##.###§###.###.'##...##
#.&§§§@))...'...##[.##[
##.###.###.###.##.##++.
### ### ##### #### #
..# # ..# # ..# # ..# #
..# #


You could see Unopup.

Vanquished Creatures
  An orb of fire (D)
  An ancient lich (D)
  2 royal mummies (D)
  A curse toe (D)
  A golden dragon (D)
  A profane servitor (D)
  2 Tzitzimimeh (D)
  An electric golem (D)
  2 tentacled monstrosities (D)
  A deep elf blademaster (D)
  2 pandemonium lords (D)
  Kirke (D)
  A draconian monk (D)
  A fire giant (D)
  3 nagarajas (D)
  A deep elf sorcerer (D)
  A balrug (D)
  2 orc warlords (D)
  A reaper (D)
  2 deep elf demonologists (D)
  A green draconian (D)
  2 stone giants (D)
  3 deep elf annihilators (D)
  A purple draconian (D)
  A red draconian (D)
  A deep elf death mage (D)
  A merfolk impaler (D)
  4 deep elf high priests (D)
  2 great orbs of eyes (D)
  2 naga warriors (D)
  A catoblepas (D)
  2 vault guards (D)
  An ice dragon (D)
  A merfolk aquamancer (D)
  2 death yaks (D)
  2 vampire magi (D)
  An orc high priest (D)
  A sun demon (D)
  2 deep elf knights (D)
  A spriggan (D)
  2 hell knights (D)
  3 deep trolls (D)
  2 spriggan druids (D)
  A lindwurm (D)
  A wizard (D)
  12 orc knights (D)
  A harpy (shapeshifter) (D)
  An ugly thing (D)
  Joseph (D)
  A moth of wrath (D)
  2 eyes of devastation (D)
  A gargoyle (D)
  A cane toad (D)
  A smoke demon (D)
  An unseen horror (D)
  A hellwing (D)
  2 polar bears (D)
  5 merfolk (D)
  A blink frog (D)
  A hornet (D)
  A wandering mushroom (D)
  7 dream sheep (D)
  A redback (D)
  5 yaks (D)
  A fire bat (D)
  A vampire (D)
  A water elemental (D)
  5 hogs (D)
  An acid dragon (D)
  2 floating eyes (D)
  A swamp drake (D)
  3 orc warriors (D)
  An ogre (D)
  2 bullfrogs (D)
  A gnoll sergeant (D)
  A killer bee (D)
  A crimson imp (D)
  An iron imp (D)
  A hell rat (D)
  An iguana (D)
  An orc wizard (D)
  3 gnolls (D)
  An adder (D)
  A white imp (D)
  An ufetubus (D)
  A ball python (D)
  An endoplasm (D)
  A ball python skeleton (D)
  4 frilled lizards (D)
  A jackal skeleton (D)
  A jackal zombie (D)
  A quokka zombie (D)
156 creatures vanquished.

Vanquished Creatures (others)
  2 humans (D)
  8 ball lightnings (D)
10 creatures vanquished.

Grand Total: 166 creatures vanquished

Notes
Turn   | Place    | Note
-------+----------+-------------------------------------------
     0 | D        | mhtbhm the Deep Elf Earth Elementalist began the quest for
                  | the Orb.
     0 | D        | Reached XP level 1. HP: 10/10 MP: 6/6
    15 | D        | Reached XP level 2. HP: 15/15 MP: 3/8
   162 | D        | Found a bloodstained altar of Trog.
   162 | D        | Found a shimmering blue altar of Sif Muna.
   162 | D        | Found a viscous altar of Jiyva.
   162 | D        | Found a hazy altar of Hepliaklqana.
   162 | D        | Found an opulent altar of Gozag.
   163 | D        | Found a glowing golden altar of the Shining One.
   163 | D        | Found a glowing silver altar of Zin.
   163 | D        | Found a basalt altar of Yredelemnul.
   163 | D        | Found a shimmering altar of Xom.
   163 | D        | Found an ornate altar of the Wu Jian Council.
   163 | D        | Found a sacrificial altar of Ru.
   163 | D        | Found a stormy altar of Qazlal.
   163 | D        | Found an iron altar of Okawaru.
   163 | D        | Found a sparkling altar of Nemelex Xobeh.
   163 | D        | Found a burning altar of Makhleb.
   163 | D        | Found a blossoming altar of Fedhas.
   163 | D        | Found a white marble altar of Elyvilon.
   163 | D        | Found a shadowy altar of Dithmenos.
   163 | D        | Found a snail-covered altar of Cheibriados.
   165 | D        | Found a radiant altar of Vehumet.
   165 | D        | Found a corrupted altar of Lugonu.
   166 | D        | Found a hide-covered altar of Uskayaw.
   166 | D        | Found an ancient bone altar of Kikubaaqudgha.
   166 | D        | Found a broken altar of Ashenzari.
   173 | D        | Became a worshipper of Vehumet
   219 | D        | Reached skill level 5 in Earth Magic
   223 | D        | Learned a level 2 spell: Passwall
   248 | D        | Reached * piety under Vehumet
   248 | D        | Offered knowledge of Shock by Vehumet.
   276 | D        | Reached ** piety under Vehumet
   290 | D        | Reached skill level 5 in Spellcasting
   364 | D        | Noticed an ogre
   364 | D        | Noticed a floating eye
   376 | D        | Paralysed by a floating eye for 2 turns
   381 | D        | Killed a floating eye
   382 | D        | Reached skill level 1 in Staves
   382 | D        | Reached XP level 3. HP: 20/20 MP: 10/13
   382 | D        | Reached XP level 4. HP: 24/24 MP: 11/15
   420 | D        | Learned a level 3 spell: Stone Arrow
   424 | D        | Killed an ogre
   424 | D        | Offered knowledge of Static Discharge by Vehumet.
   424 | D        | Reached *** piety under Vehumet
   425 | D        | Reached XP level 5. HP: 28/28 MP: 12/18
   565 | D        | Reached skill level 5 in Stealth
   565 | D        | Reached skill level 10 in Earth Magic
   565 | D        | Reached XP level 6. HP: 33/33 MP: 13/20
   568 | D        | Reached skill level 5 in Dodging
   568 | D        | Reached skill level 1 in Conjurations
   636 | D        | Offered knowledge of Conjure Flame by Vehumet.
   636 | D        | Reached **** piety under Vehumet
   707 | D        | Learned a level 5 spell: Lee's Rapid Deconstruction
   712 | D        | Learned a level 4 spell: Petrify
   712 | D        | Noticed a fire bat
   713 | D        | Reached ***** piety under Vehumet
   713 | D        | Killed a fire bat
   714 | D        | Reached skill level 1 in Fighting
   714 | D        | Reached XP level 7. HP: 38/38 MP: 19/23
   996 | D        | Noticed a deep troll
   996 | D        | Noticed a hellwing
  1004 | D        | Killed a deep troll
  1004 | D        | Offered knowledge of Mephitic Cloud by Vehumet.
  1005 | D        | Reached XP level 8. HP: 43/43 MP: 9/27
  1102 | D        | Killed a hellwing
  1115 | D        | Noticed a polar bear
  1121 | D        | Killed a polar bear
  1122 | D        | Reached skill level 5 in Conjurations
  1122 | D        | Noticed Kirke
  1124 | D        | Noticed a lindwurm
  1125 | D        | Noticed a manticore
  1138 | D        | Noticed a lindwurm
  1144 | D        | Reached skill level 15 in Spellcasting
  1144 | D        | Reached XP level 9. HP: 5/48 MP: 28/30
  1150 | D        | Reached ****** piety under Vehumet
  1200 | D        | Offered knowledge of Olgreb's Toxic Radiance by Vehumet.
  1366 | D        | Killed Kirke
  1366 | D        | Offered knowledge of Starburst by Vehumet.
  1367 | D        | Reached skill level 15 in Earth Magic
  1596 | D        | Noticed a cane toad
  1600 | D        | Killed a cane toad
  1601 | D        | Reached XP level 10. HP: 54/54 MP: 25/34
  1768 | D        | Noticed a death yak
  1775 | D        | Noticed an orc high priest
  1776 | D        | Killed a death yak
  1778 | D        | Killed an orc high priest
  1778 | D        | Offered knowledge of Freezing Cloud by Vehumet.
  1785 | D        | Noticed a red ugly thing
  1789 | D        | Learned a level 6 spell: Freezing Cloud
  1791 | D        | Killed a red ugly thing
  1933 | D        | Noticed a sun demon
  1935 | D        | Killed a sun demon
  1935 | D        | Noticed a death yak
  1937 | D        | Killed a death yak
  1983 | D        | Noticed a merfolk impaler
  1985 | D        | Killed a merfolk impaler
  1986 | D        | Reached XP level 11. HP: 59/59 MP: 29/37
  1991 | D        | Offered knowledge of Yara's Violent Unravelling by Vehumet.
  2128 | D        | Noticed a wizard
  2128 | D        | Noticed a spriggan druid
  2130 | D        | Noticed a deep troll
  2132 | D        | Killed a deep troll
  2133 | D        | Killed a wizard
  2133 | D        | Noticed an ice dragon
  2134 | D        | Offered knowledge of Orb of Destruction by Vehumet.
  2134 | D        | Killed a spriggan druid
  2136 | D        | Noticed a deep troll
  2137 | D        | Killed an ice dragon
  2140 | D        | Killed a deep troll
  2140 | D        | Killed an orc knight
  2141 | D        | Reached skill level 1 in Evocations
  2141 | D        | Noticed Joseph
  2141 | D        | Noticed a lindwurm
  2142 | D        | Killed Joseph
  2145 | D        | Killed a lindwurm
  2146 | D        | Reached XP level 12. HP: 32/64 MP: 25/41
  2146 | D        | Noticed a catoblepas
  2148 | D        | Killed a catoblepas
  2159 | D        | Noticed a stone giant
  2162 | D        | Killed a stone giant
  2336 | D        | Got An Early Guide to the Arcane Arts
  2348 | D        | Got the ring "Jualog" {Int+3 Dex+6}
  2366 | D        | Learned a level 7 spell: Orb of Destruction
  2371 | D        | Learned a level 4 spell: Leda's Liquefaction
  2428 | D        | Noticed an orb of fire
  2451 | D        | Noticed a merfolk aquamancer
  2453 | D        | Noticed an orc warlord
  2454 | D        | Killed a merfolk aquamancer
  2454 | D        | Offered knowledge of Irradiate by Vehumet.
  2454 | D        | Noticed an orc warlord
  2455 | D        | Noticed a great orb of eyes
  2458 | D        | Killed a great orb of eyes
  2464 | D        | Killed an orc warlord
  2466 | D        | Noticed a vault guard
  2469 | D        | Killed a vault guard
  2470 | D        | Killed an orc warlord
  2470 | D        | Noticed a naga warrior
  2471 | D        | Reached XP level 13. HP: 52/68 MP: 25/45
  2603 | D        | Noticed a deep elf blademaster
  2603 | D        | Noticed a nagaraja
  2611 | D        | Offered knowledge of Bolt of Magma by Vehumet.
  2618 | D        | Killed a nagaraja
  2619 | D        | Reached skill level 27 in Spellcasting
  2619 | D        | Reached skill level 1 in Ice Magic
  2619 | D        | Killed a deep elf blademaster
  2620 | D        | Reached skill level 1 in Hexes
  2620 | D        | Reached skill level 1 in Air Magic
  2909 | D        | Noticed a nagaraja
  2917 | D        | Killed a nagaraja
  3012 | D        | Got the +0 bardiche of Stained Action {venom, rElec rF+
                  | rCorr Dex+3}
  3153 | D        | Learned a level 5 spell: Bolt of Magma
  3195 | D        | Noticed a deep elf annihilator
  3198 | D        | Killed a deep elf death mage
  3198 | D        | Killed a deep elf demonologist
  3198 | D        | Offered knowledge of Iron Shot by Vehumet.
  3199 | D        | Reached skill level 10 in Conjurations
  3199 | D        | Killed a black draconian monk
  3201 | D        | Noticed a purple draconian
  3202 | D        | Noticed a deep elf demonologist
  3202 | D        | Noticed a deep elf annihilator
  3202 | D        | Noticed a deep elf sorcerer
  3204 | D        | Killed a deep elf annihilator
  3207 | D        | Killed a purple draconian
  3214 | D        | Killed a deep elf demonologist
  3214 | D        | Killed a deep elf annihilator
  3214 | D        | Killed a deep elf sorcerer
  3214 | D        | Killed a deep elf annihilator
  3215 | D        | Reached XP level 14. HP: 32/72 MP: 47/47
  3324 | D        | Noticed a nagaraja
  3329 | D        | Killed a nagaraja
  3330 | D        | Reached skill level 27 in Earth Magic
  3512 | D        | Got the Handbook of Gliding Transmutation
  3517 | D        | Got the Tome of Confrontation and the Escort
  3523 | D        | Got the Compendium of Ignition and the Glacier
  3525 | D        | Got Ompureza's Incunabulum of Fiery Enchantment
  3535 | D        | Got Caola's Guide on Weightlessness and Envenoming
  3607 | D        | Learned a level 6 spell: Iron Shot
  3616 | D        | Learned a level 8 spell: Ignition
  3626 | D        | Learned a level 9 spell: Shatter
  3650 | D        | Got the amulet "Wuwi" {Regen+ Int+5 Slay+2}
  3652 | D        | Got the amulet "Cumiwob" {Spirit rN++ Int+3 Slay+2 Stlth+}
  3654 | D        | Got the amulet of Ashenzari's Grace {Faith Contam rPois
                  | rF++ Str+4}
  3656 | D        | Got the ring "Qiano" {rC++ Str+6}
  3658 | D        | Got the ring of Ampah {Fly rElec rC++ Str-4 Int+3}
  3660 | D        | Got the amulet "Gosen" {Spirit rF+}
  3662 | D        | Got the amulet "Kiep" {Faith Str+3}
  3664 | D        | Got the amulet "Ynoaps" {Spirit rElec Int+2 Dex+2}
  3666 | D        | Got the ring of the Cast Vote {rF+ Will+ Slay+5}
  3670 | D        | Got the amulet "Neibb" {rN+ Will+ Regen+}
  3672 | D        | Got the ring "Ateebono" {rElec rF+ rN+ Str+3 Dex-2}
  3674 | D        | Got the amulet "Kotryts" {Reflect rC- rN++ Str+4 Int+4
                  | SH+5}
  3676 | D        | Got the ring "Ucas" {*Slow rF+ rC+ Dex+2}
  3744 | D        | Got the ring "Kujatwoate" {rElec rCorr Str+4 Int+6 Dex+4}
  3746 | D        | Got the ring "Cosoc" {rElec rPois rF+ Str-2 Slay+5}
  3748 | D        | Got the ring "Warphal" {rPois rN++ Slay+2}
  3750 | D        | Got the ring "Nuci" {rPois Int+6 Dex+2 Stlth+}
  3752 | D        | Got the ring "Bucworet" {rC+ AC+6}
  3754 | D        | Got the ring "Nymiqibb" {rElec rF+ Str+3 Int-3}
  3756 | D        | Got the ring of Mistrust {rF+ Str+6 Int+5}
  3758 | D        | Got the ring "Baxzupn" {EV+6 Int+5}
  3760 | D        | Got the ring of Mota {rElec Will+ EV+6 Str-5}
  3762 | D        | Got the ring "Heammine" {rC+ Int+6 SInv}
  3765 | D        | Got the ring "Texkow" {rC+ rN+ Str+6 Int+2 Dex-2}
  3768 | D        | Got the ring of Vehuif {Fire rCorr}
  3770 | D        | Got the ring "Wararaf" {Fire +Blink Str+4}
  3858 | D        | Killed an orb of fire
  3952 | D        | Noticed a profane servitor
  3957 | D        | Killed a profane servitor
  3957 | D        | Offered knowledge of Lehudib's Crystal Spear by Vehumet.
  3957 | D        | Offered knowledge of Fire Storm by Vehumet.
  3957 | D        | Offered knowledge of Absolute Zero by Vehumet.
  3958 | D        | Reached skill level 15 in Conjurations
  4197 | D        | Learned a level 8 spell: Lehudib's Crystal Spear
  4199 | D        | Noticed an ancient lich
  4201 | D        | Killed an ancient lich
  4202 | D        | Reached skill level 5 in Fighting
  4221 | D        | Noticed a royal mummy
  4226 | D        | Killed a royal mummy
  4227 | D        | Reached XP level 15. HP: 41/84 MP: 12/48
  4344 | D        | Noticed Cawag the pandemonium lord
  4350 | D        | Killed Cawag the pandemonium lord
  4492 | D        | Noticed a tentacled monstrosity
  4492 | D        | Noticed Lom Lobon
  4492 | D        | Noticed a Tzitzimitl
  4494 | D        | Killed a Tzitzimitl
  4495 | D        | Reached skill level 15 in Fire Magic
  4497 | D        | Killed a tentacled monstrosity
  4707 | D        | Noticed a golden dragon
  4709 | D        | Killed a golden dragon
  4845 | D        | Noticed an electric golem
  4849 | D        | Killed an electric golem
  5035 | D        | Noticed a royal mummy
  5038 | D        | Killed a royal mummy
  5064 | D        | Noticed a tentacled monstrosity
  5066 | D        | Killed a tentacled monstrosity
  5144 | D        | Noticed Xubiask the pandemonium lord
  5155 | D        | Killed Xubiask the pandemonium lord
  5312 | D        | Noticed a Tzitzimitl
  5314 | D        | Killed a Tzitzimitl
  5355 | D        | Noticed a curse toe
  5357 | D        | Killed a curse toe
  5409 | D        | Noticed a fire giant
  5413 | D        | Killed a fire giant
  5414 | D        | Reached XP level 16. HP: 96/96 MP: 23/49
  5542 | D        | Noticed Unopup the pandemonium lord
  5544 | D        | Killed from afar by Unopup the pandemonium lord

Illustrated notes

Levels and vault maps discovered:
D:        pitsprint [storerooms_1, entrance_room_1, metal_vault_8, armoury_2,
          mini_pit_1, grid_room_1, main_hall_1, silver_pit, the_coven_3,
          the_vestibule_1, steel_vault_2, golden_pit, hallway_of_sentries,
          crystal_vault_6, iron_vault_4, final_vault]

Skill      XL: |  1  2  3  4  5  6  7  8  9 10 11 12 13 14 15 |
---------------+----------------------------------------------+-----
Earth Magic    | 4 8 9 10 11 13 14 15 18 20 22 26 27 | 27.0
Spellcasting   | 7 8 9 11 13 15 18 20 23 26 27 | 27.0
Dodging        | 4 5 6 7 |  7.1
Stealth        | 4 5 6 |  6.8
Staves         | 1 2 3 4 |  4.5
Conjurations   | 2 4 5 6 12 17 24 | 24.6
Fighting       | 1 2 5 9 |  9.4
Evocations     | 1 2 3 |  3.6
Ice Magic      | 3 |  3.8
Hexes          | 3 |  3.1
Air Magic      | 2 |  2.7
Transmutations | 2 |  2.7
Fire Magic     | 14 19 | 19.6

Action                   |  1- 3 |  4- 6 |  7- 9 | 10-12 | 13-15 | 16-18 || total
-------------------------+-------+-------+-------+-------+-------+-------++-------
Melee: Quarterstaff      |     2 |       |       |       |       |       ||     2
 Cast: Sandblast         |    12 |     2 |     6 |     2 |       |       ||    22
       Stone Arrow       |       |     9 |    12 |     4 |     3 |       ||    28
       Lee's Rapid Decon |       |     1 |    19 |    49 |    41 |       ||   110
       Leda's Liquefacti |       |       |       |     1 |     1 |       ||     2
       Orb of Destructio |       |       |       |       |     2 |       ||     2
       Freezing Cloud    |       |       |       |       |     1 |       ||     1
       Petrify           |       |       |       |       |     1 |       ||     1
       Lehudib's Crystal |       |       |       |       |    38 |     3 ||    41
       Iron Shot         |       |       |       |       |     8 |       ||     8
       Shatter           |       |       |       |       |     2 |       ||     2
       Bolt of Magma     |       |       |       |       |     1 |       ||     1
       Ignition          |       |       |       |       |     1 |       ||     1
Evoke: Condenser vane    |       |       |       |     5 |     1 |       ||     6
  Use: Potion            |       |       |     3 |     4 |    14 |       ||    21
       Scroll            |       |       |     2 |       |     1 |       ||     3
Armor: Robe              |       |       |       |       |    13 |       ||    13
Dodge: Dodged            |     1 |     1 |    11 |     1 |    26 |       ||    40

Table legend: (Time is in decaauts)
 A = Elapsed time spent in this place.
 B = Non-inter-level travel time spent in this place.
 C = Inter-level travel time spent in this place.
 D = Time resting spent in this place.
 E = Time spent auto-exploring this place.
 F = Levels seen in this place.
 G = Mean time per level.
                   A        B        C        D        E       F      G
               +--------+--------+--------+--------+--------+-----+--------+
         Total |   5524 |   5524 |      0 |   3612 |     26 |   1 | 5524.0 |
       Dungeon |   5524 |   5524 |      0 |   3612 |     26 |   1 | 5524.0 |
               +--------+--------+--------+--------+--------+-----+--------+

Top non-repeatable levels by time:
       D: 5524 daAuts
